AoeStats
← Virtual Sabre

Arena

508935760Analyzed
1v1 RM · 6d ago on Sep 24, 2026· 24m 3s· 2 players
Game mode
Random Map
Map size
Tiny (2 player)
Population
200
Speed
Normal
Resources
Standard
Victory
Conquest
Starting age
Dark Age
Ending age
Imperial Age
RankedLock teamsTeams togetherTeam positionsShared explorationLock speedFull tech treeHidden civsTurbo modeCheats
Victory
Defeat
🇩🇪 Hindustanis · Germany
957
+18
🇩🇪 Shu · Germany
996
-18
Virtual Sabre
11:34 Feudal Age
12:47 Stone Mining
15:23 Castle Age
13:45 Loom
15:50 Double-Bit Axe
18:31 Scale Mail Armor
20:49 Chain Mail Armor
22:15 Forging
Mr.D
10:24 Feudal Age
11:35 Double-Bit Axe
11:32 Horse Collar
17:15 Castle Age
15:38 Loom
18:27 Heavy Plow
Connection lost

Rejoining the realm…

Still unreachable

The connection could not be restored.

Session expired

The server has moved on; the page needs a fresh start.